 Dungeon Crawl Stone Soup version 0.27-a0-1299-g1ab19c6527 (webtiles) character file.

Game seed: 994033781023434652

2 Ligma the Skirmisher (level 1, 0/19 HPs)
             Began as a Draconian Berserker on June 16, 2021.
             Was a Follower of Trog.
             Slain by a ball python (3 damage)
             ... on level 2 of the Dungeon.
             The game lasted 00:02:24 (155 turns).

Ligma the Skirmisher (Draconian Berserker)           Turns: 155, Time: 00:02:24

Health: 0/19       AC:  4    Str: 19    XL:     1   Next: 33%
Magic:  1/1        EV: 12    Int:  7    God:    Trog [*.....]
Gold:   0          SH:  0    Dex: 10    Spells: 0/0 levels left

rFire    . . .     SeeInvis .   a - +0 falchion
rCold    . . .     Faith    .   (no shield)
rNeg     . . .     Spirit   .   (armour unavailable)
rPois    .         Reflect  .   (helmet restricted)
rElec    .         Harm     .   (no cloak)
rCorr    .         Rampage  .   (no gloves)
Will     .....                  (no boots)
Stlth    +.........             (no amulet)
HPRegen  0.06/turn              (no ring)
MPRegen  0.07/turn              (no ring)

@: lethally poisoned (0 -> -1), slowed, very slow
A: AC +4, unfitting armour, cold-blooded
a: Renounce Religion, Berserk


You were on level 2 of the Dungeon.
You worshipped Trog.
Trog was aware of your devotion.
You visited 1 branch of the dungeon, and saw 2 of its levels.

Inventory:

Hand Weapons
 a - a +0 falchion (weapon)
Scrolls
 b - a scroll of fog {unknown}


   Skills:
 + Level 3.3 Fighting
 + Level 3.0 Long Blades
 + Level 2.7 Dodging


You couldn't memorise any spells.
You didn't know any spells.
Your spell library was empty.

Dungeon Overview and Level Annotations

Branches:
Dungeon (1/15)

Altars:


Innate Abilities, Weirdness & Mutations

Your plain brown scales are hard. (AC +4)
You cannot fit into any form of body armour.
You are cold-blooded and may be slowed by cold attacks.


Message History

You see here 12 gold pieces.
Sorry, I don't know how to traverse that place.
An endoplasm is nearby!
Really walk into that teleport trap?
Okay, then.
Really walk into that teleport trap?
You enter a teleport trap!
The teleport trap disappears.
Your surroundings suddenly seem different.
An adder, an endoplasm and a hobgoblin come into view.
Found a scroll labelled KERPHI TIVVO and 12 gold pieces.
The hobgoblin shouts!
The endoplasm quivers.
The adder hisses angrily.
The adder barely misses you.
Found 14 gold pieces.
You miss the adder. The adder bites you.
You are poisoned.
The adder poisons you!
You miss the adder.
You feel sick.
A ball python comes into view.
The adder closely misses you. The adder bites you but does no damage.
You hit the adder.
Your tail-slap misses the adder.
The adder is heavily wounded.
You feel sick. The adder bites you.
You feel sick. The adder closely misses you. The hobgoblin barely misses you.
You riposte.
You hit the hobgoblin.
The hobgoblin is almost dead.
You hit the hobgoblin but do no damage.
The hobgoblin is almost dead.
You feel sick. The adder closely misses you. The hobgoblin hits you.
The endoplasm freezes you.
You are frozen.
* * * LOW HITPOINT WARNING * * *
You feel yourself slow down. The adder closely misses you.
You feel sick. The hobgoblin misses you.
You riposte.
You barely miss the hobgoblin. You tail-slap the hobgoblin.
You kill the hobgoblin!
Trog accepts your kill. The ball python bites you.
You die...

.... #...# #..... #...#
#..... #...## ......
8...8# ......##...## $
.....#......##.#
...............#
.......J........ .......
.......S@....... .......
........S....... .....#.
..............## .......
..............# .....##
#.#....?......#
......###........$....#
J##....##..#..$.........
..##.#.....#............
............


You could see an adder, an endoplasm and a ball python.

Vanquished Creatures
  A ball python (D:1)
  A goblin (D:1)
  A hobgoblin (D:2)
3 creatures vanquished.

Notes
Turn   | Place    | Note
-------+----------+-------------------------------------------
     0 | D:1      | Ligma the Draconian Berserker began the quest for the Orb.
     0 | D:1      | Reached XP level 1. HP: 19/19 MP: 1/1
   109 | D:1      | You fall into a shaft and drop 1 floor!
   155 | D:2      | Slain by a ball python

Illustrated notes

Levels and vault maps discovered:
D:1:      minmay_arrival_jagged, layout_basic,
          ebering_ecumenical_altar_petrified
D:2:      layout_rooms, serial_corexii_hall, corexii_hall_statues_l,
          corexii_hall_statues_i

Action                   || total
-------------------------++-------
Melee: Falchion          ||     8
       Tailslap          ||     1
Armor: Skin              ||     3
Dodge: Dodged            ||     8
       Rpst.: Falchion   ||     3

Table legend: (Time is in decaauts)
 A = Elapsed time spent in this place.
 B = Non-inter-level travel time spent in this place.
 C = Inter-level travel time spent in this place.
 D = Time resting spent in this place.
 E = Time spent auto-exploring this place.
 F = Levels seen in this place.
 G = Mean time per level.
                   A        B        C        D        E       F      G
               +--------+--------+--------+--------+--------+-----+--------+
         Total |    155 |    108 |     47 |      0 |      6 |   2 |   77.5 |
       Dungeon |    155 |    108 |     47 |      0 |      6 |   2 |   77.5 |
               +--------+--------+--------+--------+--------+-----+--------+

Top non-repeatable levels by time:
     D:1: 109 daAuts
     D:2: 46 daAuts
